 Dungeon Crawl Stone Soup version 0.31.0 (webtiles) character file.

Game seed: 11926420492713359708

779 qw the Shooter (level 7, -3/44 HPs)
             Began as a Gargoyle Hunter on Jan 19, 2024.
             Was a Follower of Okawaru.
             Slain by Edmund
             ... wielding a +3 dire flail of protection
              (4 damage)
             ... on level 5 of the Dungeon.
             The game lasted 00:00:21 (4237 turns).

qw the Shooter (Gargoyle Hunter)                    Turns: 4237, Time: 00:00:21

Health: -3/44      AC: 13    Str: 21    XL:     7   Next: 85%
Magic:  7/8        EV: 14    Int:  9    God:    Okawaru [*.....]
Gold:   113        SH:  0    Dex: 15    Spells: 6/6 levels left

rFire   . . .        a - +2 shortbow
rCold   . . .        (shield currently unavailable)
rNeg    + + .        d - +0 ring mail
rPois   inf          (no helmet)
rElec   +            (no cloak)
rCorr   .            g - +1 pair of gloves
SInv    .            (no boots)
Will    .....        (no amulet)
Stlth   +++          m - +6 ring of strength
HPRegen 0.27/turn    n - ring of positive energy
MPRegen 0.11/turn

%: no passive effects
@: about to teleport, heroic
A: sickness immunity, AC +4, negative energy resistance 1, electricity
resistance, torment resistance 1, petrification resistance
a: Renounce Religion, Heroism


You were on level 5 of the Dungeon.
You worshipped Okawaru.
Okawaru was aware of your devotion.
You visited 1 branch of the dungeon, and saw 5 of its levels.

You collected 185 gold pieces.
You spent 72 gold pieces at shops.


Innate Abilities, Weirdness & Mutations

You are immune to sickness and miasma.
Your stone body is resilient. (AC +4)
You are immune to poison.
You resist negative energy. (rN+)
You are resistant to electric shocks. (rElec)
You are resistant to unholy torment.
You are immune to petrification.


   Skills:
 - Level 5.3(10.3) Fighting
 + Level 7.8(12.8) Ranged Weapons
 - Level 1.0(6.0) Armour
 - Level 1.5(6.5) Dodging
 - Level 1.1(6.1) Stealth
 + Level 2.2 Invocations


You had 6 spell levels left.
You didn't know any spells.
Your spell library was empty.

Inventory:

Hand Weapons
 a - a +2 shortbow (weapon)
Armour
 d - a +0 ring mail (worn)
 g - a +1 pair of gloves (worn)
Jewellery
 m - a +6 ring of strength (left hand)
 n - a ring of positive energy (right hand)
Wands
 f - a wand of flame (16)
Scrolls
 c - a scroll of teleportation
Potions
 b - a potion of cancellation {unknown}
 e - a potion of mutation {unknown}
 i - a potion of lignification {unknown}
 j - a potion of curing
 k - a potion of enlightenment {unknown}
 l - a potion of might {unknown}

Dungeon Overview and Level Annotations

Branches:
Dungeon (5/15)             Temple (0/1) D:5

Altars:
Elyvilon
Gozag
Okawaru

Shops:
D:1 :!   D:2 *

Annotations:
D:4 3 runed translucent doors, qw's ghost, amateur GrHu
D:5 Edmund


Message History

The arrow hits Edmund but does no damage.
You shoot an arrow. The arrow closely misses Edmund.
You shoot an arrow. The arrow closely misses Edmund.
You shoot an arrow.
The arrow hits Edmund but does no damage.
You shoot an arrow. The arrow hits Edmund.
Edmund is lightly wounded.
Edmund completely misses you.
You shoot an arrow. The arrow hits Edmund!
Edmund is moderately wounded.
You shoot an arrow.
The arrow hits Edmund but does no damage.
Edmund is moderately wounded.
Edmund hits you with a +3 dire flail of protection.
You shoot an arrow. The arrow completely misses Edmund.
Edmund hits you but does no damage.
You shoot an arrow. The arrow barely misses Edmund.
Edmund hits you with a +3 dire flail of protection!
You shoot an arrow. The arrow barely misses Edmund.
Edmund closely misses you.
You shoot an arrow. The arrow hits Edmund!
Edmund is heavily wounded.
You shoot an arrow.
The arrow hits Edmund but does no damage.
Edmund is heavily wounded.
Edmund hits you with a +3 dire flail of protection!
You shoot an arrow. The arrow closely misses Edmund.
Edmund hits you with a +3 dire flail of protection!
You shoot an arrow.
The arrow hits Edmund but does no damage.
Edmund is heavily wounded.
Edmund hits you with a +3 dire flail of protection!
4236 ||| READING 2 scrolls of teleportation.
As you read the scroll of teleportation, it crumbles to dust.
You feel strangely unstable.
Edmund hits you with a +3 dire flail of protection.
You shoot an arrow. The arrow barely misses Edmund.
Edmund hits you with a +3 dire flail of protection.
You die...
Edmund whines, "They better pay attention to me now!"

..... ....#...
.............
............#
......#."...###
......#.......#
...........#.## .
.......@..#.... .
....#..@.#..## .
....#........##.. .
................. .
...........#.......... .
...........##........
.....................
............##......###.
.....##....##.......#...
.......[#..##...........


You could see Edmund.

Vanquished Creatures
  Sigmund (D:3)
  An ogre (D:5)
  A scorpion (D:5)
  2 bombardier beetles (D:3)
  3 orc priests (D:5)
  Terence (D:3)
  An iguana (D:5)
  4 orc wizards
  Natasha (D:3)
  5 adders
  2 dart slugs
  4 ribbon worms
  12 orcs
  4 endoplasms
  3 giant cockroaches
  3 goblins
  6 hobgoblins
  5 jackals
  7 kobolds
  5 quokkas
  4 ball pythons
  10 bats
  3 frilled lizards
  11 rats
99 creatures vanquished.

Notes
Turn   | Place    | Note
-------+----------+-------------------------------------------
     0 | D:1      | qw the Gargoyle Hunter began the quest for the Orb.
     0 | D:1      | Reached XP level 1. HP: 12/12 MP: 1/1
     0 | D:1      | 0 ||| qw: Version: 0.3-a-132-g3d54051
     0 | D:1      | 0 ||| qw: Game counter: 373
     0 | D:1      | 0 ||| qw: Melee chars always use a shield: true
     0 | D:1      | 0 ||| qw: God list: Okawaru
     0 | D:1      | 0 ||| qw: Allow faded altars: false
     0 | D:1      | 0 ||| qw: Do Orc after clearing Dungeon:15 true
     0 | D:1      | 0 ||| qw: Do second Lair branch before Depths: true
     0 | D:1      | 0 ||| qw: Lair rune preference: random
     0 | D:1      | 0 ||| qw: Goals: Normal
     0 | D:1      | 0 ||| PLANNING D:1-11
    92 | D:1      | Reached XP level 2. HP: 17/17 MP: 2/2
   175 | D:1      | Found Cufaxor's Book Shop.
   284 | D:1      | Found Hiputuad's Distillery.
   300 | D:1      | 300 ||| SHOPLISTING potion of curing (39 gold, have 11).
   300 | D:1      | 300 ||| SHOPLISTING potion of mutation (104 gold, have 11).
   406 | D:1      | Reached XP level 3. HP: 21/21 MP: 3/3
   504 | D:1      | 504 ||| UPGRADING to +0 ring mail.
   514 | D:1      | 514 ||| DROPPING +0 leather armour.
   515 | D:1      | 515 ||| UPGRADING to +6 ring of strength.
   516 | D:1      | 516 ||| UPGRADING to ring of positive energy.
   517 | D:1      | 517 ||| READING 2 scrolls labelled KIQOFO DEDANEX.
   517 | D:1      | 517 ||| IDENTIFYING glowing red potion
   518 | D:1      | 518 ||| READING scroll of identify.
   518 | D:1      | 518 ||| IDENTIFYING glowing orange potion
   519 | D:1      | 519 ||| READING scroll labelled OKOIHEA PISEDA.
   524 | D:1      | 524 ||| READING scroll labelled NELAOS WEWUBICW.
   625 | D:1      | 625 ||| READING scroll labelled RAT SUGICVERR.
   625 | D:1      | 625 ||| ENCHANTING +0 shortbow.
   626 | D:1      | 626 ||| DROPPING scroll of butterflies.
   650 | D:2      | Reached skill level 1 in Armour
   693 | D:2      | Reached skill level 5 in Ranged Weapons
   760 | D:2      | 760 ||| FLEEEEING.
   841 | D:2      | Found a white marble altar of Elyvilon.
   853 | D:2      | Found Bohyileur's General Store.
   862 | D:2      | 862 ||| BUYING 2 scrolls of teleportation (72 gold).
   862 | D:2      | Bought 2 scrolls of teleportation for 72 gold pieces
   862 | D:2      | 862 ||| SHOPLISTING scroll of identify (24 gold, have 13).
   862 | D:2      | 862 ||| SHOPLISTING wand of roots (10) (288 gold, have 13).
   882 | D:2      | Found a faded altar of an unknown god.
   932 | D:2      | 932 ||| FLEEEEING.
   938 | D:2      | 938 ||| STAIRDANCE
   956 | D:1      | 956 ||| READING scroll labelled JOCWONYFF.
   957 | D:1      | 957 ||| READING scroll labelled YXZIOSMUTUB.
   957 | D:1      | 957 ||| ENCHANTING +1 shortbow.
  1285 | D:3      | Reached skill level 3 in Fighting
  1285 | D:3      | Reached XP level 4. HP: 28/28 MP: 4/4
  1386 | D:3      | HP: 5/28 [burnt (5)]
  1387 | D:3      | HP: 1/28 [burnt (5)]
  1388 | D:3      | 1388 ||| FLEEEEING.
  1747 | D:3      | 1747 ||| FLEEEEING.
  1847 | D:3      | Found an opulent altar of Gozag.
  1938 | D:3      | HP: 5/28 [burnt (4)]
  1939 | D:3      | 1939 ||| READING 3 scrolls of teleportation.
  1939 | D:3      | HP: 2/28 [burnt (4)]
  1940 | D:3      | 1940 ||| DRINKING 2 potions of heal wounds.
  1944 | D:3      | 1944 ||| FLEEEEING.
  1946 | D:3      | 1946 ||| STAIRDANCE
  2034 | D:3      | Reached XP level 5. HP: 32/32 MP: 5/5
  2034 | D:3      | Noticed Natasha
  2041 | D:3      | Killed Natasha
  2042 | D:3      | 2042 ||| FLEEEEING.
  2044 | D:3      | 2044 ||| STAIRDANCE
  2145 | D:3      | Reached skill level 6 in Ranged Weapons
  2211 | D:3      | Found an iron altar of Okawaru.
  2211 | D:3      | Found a white marble altar of Elyvilon.
  2212 | D:3      | 2212 ||| PLANNING OKAWARU WORSHIP
  2219 | D:3      | Became a worshipper of Warmaster Okawaru
  2220 | D:3      | 2220 ||| PLANNING D:1-11
  2372 | D:3      | Noticed Terence
  2379 | D:3      | Killed Terence
  2380 | D:3      | 2380 ||| FLEEEEING.
  2385 | D:3      | 2385 ||| STAIRDANCE
  2525 | D:3      | Noticed Sigmund
  2531 | D:3      | Killed Sigmund
  2532 | D:3      | Reached XP level 6. HP: 36/40 MP: 6/6
  2532 | D:3      | 2532 ||| FLEEEEING.
  2861 | D:4      | 2861 ||| FLEEEEING.
  2867 | D:4      | 2867 ||| DRINKING 2 potions of curing.
  2867 | D:4      | 2867 ||| (to cure confusion)
  2873 | D:4      | HP: 8/40 [something/magic dart (3)]
  2874 | D:4      | 2874 ||| READING 3 scrolls of teleportation.
  2874 | D:4      | HP: 2/40 [orc/+0 heavy hand axe (3)]
  2875 | D:4      | 2875 ||| DRINKING potion of heal wounds.
  2878 | D:4      | 2878 ||| FLEEEEING.
  2885 | D:4      | 2885 ||| STAIRDANCE
  3094 | D:4      | Found a runed translucent gate.
  3094 | D:4      | Noticed an orc warrior
  3094 | D:4      | Noticed qw's ghost (amateur GrHu)
  3096 | D:4      | Found a runed translucent gate.
  3096 | D:4      | Identified the +8 spear of Fudiy {elec, *Corrode Int+4}
  3096 | D:4      | Identified the +1 scale mail of Giosi {rC+ Dex-2 Slay+2
                  | SInv}
  3097 | D:4      | Found a runed translucent gate.
  3271 | D:4      | 3271 ||| READING scroll of enchant weapon.
  3271 | D:4      | 3271 ||| ENCHANTING +1 shortbow.
  3454 | D:4      | 3454 ||| UPGRADING to +0 pair of gloves.
  3459 | D:4      | 3459 ||| READING scroll of enchant armour.
  3459 | D:4      | 3459 ||| ENCHANTING +0 pair of gloves.
  3511 | D:5      | Entered Level 5 of the Dungeon
  3542 | D:5      | Reached XP level 7. HP: 41/44 MP: 7/7
  3567 | D:5      | Found a staircase to the Ecumenical Temple.
  3582 | D:5      | Reached skill level 7 in Ranged Weapons
  3582 | D:5      | 3582 ||| FLEEEEING.
  3706 | D:5      | Reached * piety under Okawaru
  3714 | D:5      | 3714 ||| FLEEEEING.
  3718 | D:5      | 3718 ||| STAIRDANCE
  3878 | D:5      | Reached skill level 1 in Invocations
  3878 | D:5      | 3878 ||| FLEEEEING.
  3879 | D:5      | 3879 ||| FLEEEEING.
  3880 | D:5      | 3880 ||| STAIRDANCE
  3983 | D:5      | 3983 ||| STAIRDANCE
  3991 | D:4      | 3991 ||| FLEEEEING.
  4101 | D:5      | 4101 ||| STAIRDANCE
  4220 | D:5      | Noticed Edmund
  4221 | D:5      | 4221 ||| INVOKING Heroism.
  4235 | D:5      | HP: 5/44 [Edmund/+3 dire flail of protection (9)]
  4236 | D:5      | 4236 ||| READING 2 scrolls of teleportation.
  4236 | D:5      | HP: 1/44 [Edmund/+3 dire flail of protection (4)]
  4237 | D:5      | Slain by Edmund

Levels and vault maps discovered:
D:1:      dpeg_arrival_more_subterranean_lakeside_camping, layout_basic,
          serial_shops, shop, shop
D:2:      layout_basic, chequers_ecumenical_altar_simple, basic_altar,
          serial_shops, nicolae_shop_statue_plus, small_statue_intersection
D:3:      layout_loops_corners, grunt_gozag_statues,
          nicolae_overflow_two_pavilions, uniq_sigmund, uniq_terence,
          uniq_natasha
D:4:      layout_loops_ring, biasface_ghost_orc_armoury
D:5:      layout_cave_pools, temple_green, uniq_edmund, uniq_blork_the_orc

Skill      XL: |  1  2  3  4  5  6  7 |
---------------+----------------------+-----
Armour         | 1 |  1.0
Ranged Weapons | 5 6 7 |  7.8
Fighting       | 3 5 |  5.3
Invocations    | 2 |  2.2
Dodging        | |  1.5
Stealth        | |  1.1

Action                     |  1- 3 |  4- 6 |  7- 9 || total
---------------------------+-------+-------+-------++-------
   Fire: Shortbow          |   145 |   192 |    76 ||   413
 Invoke: Heroism           |       |       |     1 ||     1
    Use: Scroll            |     7 |     4 |     1 ||    12
         Potion            |       |     3 |       ||     3
 Armour: Leather armour    |    15 |       |       ||    15
         Ring mail         |    18 |    78 |    34 ||   130
  Dodge: Dodged            |    42 |    53 |    20 ||   115

Table legend:
 A = Non-vault XP
 B = Vault XP
 C = Vault XP percentage of total XP
 D = Non-vault monster count
 E = Vault monster count
 F = Vault count percentage of total count
                 A         B        C        D         E       F
            +---------+---------+-------+---------+---------+-------
      Total |     819 |     294 |  26.4 |      96 |       3 |   3.0
            +---------+---------+-------+---------+---------+-------
        D:1 |      37 |       0 |   0.0 |      23 |       0 |   0.0
        D:2 |      43 |       0 |   0.0 |      18 |       0 |   0.0
        D:3 |     143 |     294 |  67.3 |      22 |       3 |  12.0
        D:4 |     142 |       0 |   0.0 |      18 |       0 |   0.0
        D:5 |     454 |       0 |   0.0 |      15 |       0 |   0.0
            +---------+---------+-------+---------+---------+-------
